 Dungeon Crawl Stone Soup version 0.28.0-53-g5a82cb258f (webtiles) character file.

Game seed: 7275398768152467821

15722 KrombopulosMichael the Fighter (level 12, -5/94 (97) HPs)
             Began as a Formicid Cinder Acolyte on June 22, 2022.
             Was an Initiate of Ignis.
             Killed by divine providence
             ... invoked by a meliai
              (11 damage)
             ... on level 13 of the Dungeon.
             The game lasted 00:45:02 (12345 turns).

KrombopulosMichael the Fighter (FoCA)              Turns: 12345, Time: 00:45:03

HP:   -5/94 (97)    AC: 24    Str: 18    XL:     12   Next: 61%
MP:   19/25         EV:  9    Int: 16    God:    Ignis [......]
Gold: 330           SH:  0    Dex: 10    Spells: 22/30 levels left

rFire   + . .      SeeInvis +   y - +2 spear (flame)
rCold   . . .      Faith    .   (no shield)
rNeg    + . .      Spirit   .   v - +0 chain mail
rPois   .          Reflect  .   (helmet unavailable)
rElec   .          Harm     .   e - +0 cloak
rCorr   .          Rampage  +   n - +1 pair of gloves
Will    +....                   q - +1 pair of boots {rampage}
Stlth   ..........              b - amulet of the acrobat
HPRegen 0.25/turn               m - ring of positive energy
MPRegen 0.19/turn               u - ring of flight

@: brilliant, lethally poisoned (-5 -> -6), fiery-armoured, flying, very
slightly contaminated, lightly drained
A: permanent stasis, dig shafts and tunnels, antennae 3, four strong arms
a: Dig, Shaft Self, Renounce Religion


You were on level 13 of the Dungeon.
You worshipped Ignis.
Ignis was noncommittal.
You visited 2 branches of the dungeon, and saw 14 of its levels.
You also visited: Bailey.

You collected 330 gold pieces.

Inventory:

Hand Weapons
 y - a +2 spear of flaming (weapon)
Missiles
 w - 9 boomerangs (quivered)
Armour
 e - a +0 cloak (worn)
 h - a +2 ring mail of fire resistance
 n - a +1 pair of gloves (worn)
 q - a +1 pair of boots of rampaging (worn)
 r - a +2 scale mail of poison resistance
 v - a +0 chain mail (worn)
 z - a +1 chain mail of poison resistance
Jewellery
 b - an amulet of the acrobat (around neck)
 m - a ring of positive energy (left hand)
 u - a ring of flight (right hand)
Wands
 d - a wand of flame (13)
 s - a wand of iceblast (6)
 t - a wand of mindburst (11)
Scrolls
 f - a scroll of amnesia
 k - 2 scrolls of identify
Potions
 i - a potion of cancellation
 l - 4 potions of attraction


   Skills:
 * Level 10.1 Fighting
 + Level 6.5 Polearms
 + Level 0.1 Throwing
 * Level 9.5 Armour
 + Level 4.4 Dodging
 + Level 3.8 Stealth
 + Level 9.7 Spellcasting
 + Level 9.4 Fire Magic
 + Level 2.5 Evocations


You had 22 spell levels left.
You knew the following spells:

 Your Spells              Type           Power      Damage    Failure   Level
a - Scorch                Fire           100%       2d10      2%          2
b - Conjure Flame         Conj/Fire      34%        6-21      36%         3
c - Ignite Poison         Fire/Tmut/Pois 26%        N/A       56%         3

Your spell library contained the following spells:

 Spells                   Type           Power      Damage    Failure   Level
 Inner Flame              Hex/Fire       34%        N/A       36%         3
 Sticky Flame             Conj/Fire      34%        2d5       77%         4
 Confusing Touch          Hex            11%        N/A       94%         3
 Cause Fear               Hex            5%         N/A       100%        4
 Hailstorm                Conj/Ice       11%        3d5       100%        4
 Ice Form                 Ice/Tmut       11%        N/A       100%        4
 Alistair's Intoxication  Tmut/Pois      7%         N/A       100%        5
 Borgnjor's Vile Clutch   Necr/Erth      5%         N/A       100%        5
 Yara's Violent Unravell  Hex/Tmut       5%         3d4       100%        5
 Eringya's Noxious Bog    Tmut/Pois      5%         N/A       100%        6
 Simulacrum               Ice/Necr       5%         N/A       100%        6
 Enfeeble                 Hex            5%         N/A       100%        7
 Discord                  Hex            5%         N/A       100%        8


Dungeon Overview and Level Annotations

Branches:
Dungeon (12/15)            Temple (1/1) D:6            Lair (0/6) D:11
 Bailey (visited)
    Orc: D:9-12

Altars:
Ashenzari
Cheibriados
Dithmenos
Elyvilon
Fedhas
Gozag
Hepliaklqana
Kikubaaqudgha
Makhleb
Nemelex Xobeh
Okawaru
Qazlal
Ru
Sif Muna
Trog
Vehumet
Wu Jian
Yredelemnul
Zin
The Shining One


Innate Abilities, Weirdness & Mutations

You cannot be hasted, slowed, berserked, paralysed or teleported.
You can dig through walls and to a lower floor.
You have a pair of large antennae on your head. (SInv)
Your four strong arms can wield two-handed weapons with a shield.


Message History

Aiming: Throw Flame
Press: ? - help, Shift-Dir - straight line, f - meliai
Aim: a meliai, wielding a +0 hand axe and wearing a +0 robe (moderately wounded, more vulnerable to fire, 57% to hit)
The puff of flame misses the killer bee.
The puff of flame hits the meliai.
The meliai is burned terribly!
The meliai is heavily wounded.
You feel sick. The killer bee closely misses you.
The killer bee stings you but does no damage.
The killer bee is burned by your cloak of flames.
The killer bee is lightly wounded.
Unknown command.
Unknown command.
Unknown command.
Okay, then.
Okay, then.
Okay, then.
Aiming: Throw Flame
Press: ? - help, Shift-Dir - straight line, f/p - meliai
Aim: a meliai, wielding a +0 hand axe and wearing a +0 robe (heavily wounded, more vulnerable to fire, 57% to hit)
The puff of flame misses the killer bee.
The puff of flame hits the meliai!
The meliai is burned terribly!
The meliai is almost dead.
You feel sick.
The killer bee is no longer more vulnerable to fire.
The meliai calls upon its god to heal the killer bee.
The killer bee is healed somewhat.
The killer bee barely misses you.
The killer bee stings you but does no damage.
The killer bee is burned by your cloak of flames.
The killer bee is heavily wounded.
Unknown command.
Unknown command.
Aiming: Throw Flame
Press: ? - help, Shift-Dir - straight line, f/p - meliai
Aim: a meliai, wielding a +0 hand axe and wearing a +0 robe (almost dead, more vulnerable to fire, 57% to hit)
The puff of flame hits the killer bee!
You kill the killer bee!
You feel sick.
The meliai mumbles some strange prayers to its god against you.
Something smites you!
You die... . ######### y. .. #.......# ... ..##.......#### yy{!

...#.......##@# §†y†.
...........y#####†...{†
#........#y.).yyy!!y!.
##.......#######..†...
#.......# #+###
####..### ####..###
#######.......#
.....!'.......#


You could see a meliai (combustible) and a killer bee.

Vanquished Creatures
  2 hydras
  An orc knight (Bailey)
  An unseen horror (D:11)
  2 meliai (D:13)
  A queen bee (D:13)
  2 slime creatures (D:12)
  A shadow (D:10)
  A wyvern (D:8)
  Sigmund (D:2)
  Eustachio (D:6)
  A steam dragon (D:5)
  3 water moccasins
  An acid dragon (D:9)
  14 orc warriors
  An ice beast (D:5)
  2 sky beasts
  A necrophage (D:6)
  An ogre (D:4)
  A wolf (D:7)
  2 centaurs
  A phantom (D:6)
  2 kobold brigands
  3 gnoll sergeants (D:7)
  A wyvern zombie (D:6)
  A bullfrog (D:7)
  3 scorpions
  2 water moccasin zombies (D:5)
  24 killer bees
  5 wights (D:7)
  3 howler monkeys
  3 centaur zombies
  7 hounds
  5 orc priests
  3 gnoll shamans (D:7)
  A jelly (D:6)
  3 centaur skeletons
  Jessica (D:2)
  4 iguanas
  Natasha (thrice) (D:4)
  3 orc wizards (D:6)
  A killer bee zombie (D:4)
  3 hound skeletons
  23 gnolls
  5 adders
  A shadow imp (D:7)
  2 white imps
  An ufetubus (D:5)
  An adder skeleton (D:4)
  4 dart slugs
  37 orcs
  8 ball pythons
  9 endoplasms
  2 giant cockroaches (D:4)
  9 goblins
  8 hobgoblins
  6 jackals (D:7)
  2 quokkas
  5 bats
  5 frilled lizards
  11 kobolds
  A quokka skeleton (D:4)
  7 rats
269 creatures vanquished.

Vanquished Creatures (others)
  A butterfly (D:3)
  68 foxfires
69 creatures vanquished.

Grand Total: 338 creatures vanquished

Notes
Turn   | Place    | Note
-------+----------+-------------------------------------------
     0 | D:1      | KrombopulosMichael the Formicid Cinder Acolyte began the
                  | quest for the Orb.
     0 | D:1      | Reached XP level 1. HP: 18/18 MP: 2/2
    88 | D:1      | Found a faded altar of an unknown god.
   239 | D:1      | Reached XP level 2. HP: 24/24 MP: 3/3
   242 | D:1      | Learned a level 2 spell: Scorch
  1034 | D:2      | Reached skill level 1 in Armour
  1034 | D:2      | Reached XP level 3. HP: 29/29 MP: 0/5
  1352 | D:2      | Noticed Sigmund
  1388 | D:2      | Noticed Jessica
  1391 | D:2      | Killed Jessica
  1392 | D:2      | Reached XP level 4. HP: 21/37 MP: 6/6
  1396 | D:2      | Killed Sigmund
  1397 | D:2      | Reached skill level 4 in Fighting
  1397 | D:2      | Reached skill level 1 in Stealth
  1397 | D:2      | Reached XP level 5. HP: 25/42 MP: 6/8
  1397 | D:2      | Reached XP level 6. HP: 29/48 MP: 6/9
  2331 | D:3      | Found a white marble altar of Elyvilon.
  2899 | D:3      | Found a radiant altar of Vehumet.
  3236 | D:4      | Reached XP level 7. HP: 55/55 MP: 5/11
  3611 | D:4      | Reached skill level 5 in Fire Magic
  3974 | D:4      | Noticed Natasha
  3978 | D:4      | Killed Natasha
  4170 | D:4      | Noticed Natasha
  4172 | D:4      | Killed Natasha
  4201 | D:4      | Noticed Natasha
  4208 | D:4      | Killed Natasha
  4209 | D:4      | Reached skill level 1 in Dodging
  4240 | D:5      | Entered Level 5 of the Dungeon
  4254 | D:5      | Found a sacrificial altar of Ru.
  4266 | D:5      | Found a stormy altar of Qazlal.
  4323 | D:5      | Reached XP level 8. HP: 57/61 MP: 0/13
  4553 | D:5      | Reached skill level 5 in Fighting
  5712 | D:6      | Noticed Eustachio
  5715 | D:6      | Reached skill level 5 in Spellcasting
  5727 | D:6      | Killed Eustachio
  5728 | D:6      | Reached skill level 5 in Armour
  5728 | D:6      | Reached XP level 9. HP: 24/68 MP: 1/16
  6249 | D:6      | Reached skill level 6 in Fighting
  6525 | D:6      | Learned a level 3 spell: Conjure Flame
  6529 | D:6      | Learned a level 3 spell: Ignite Poison
  6811 | D:6      | Found a staircase to the Ecumenical Temple.
  6828 | Temple   | Entered the Ecumenical Temple
  7163 | D:6      | Found an ancient bone altar of Kikubaaqudgha.
  7164 | D:6      | Found a bloodstained altar of Trog.
  7842 | D:7      | Reached XP level 10. HP: 68/77 MP: 1/19
  8062 | D:7      | Reached skill level 1 in Evocations
  8370 | D:7      | Reached skill level 7 in Fighting
  9249 | D:7      | Found a blossoming altar of Fedhas.
 10306 | D:9      | You are sucked into a shaft and drop 2 floors!
 10308 | D:11     | Noticed a skeletal warrior
 10309 | D:11     | Noticed a skeletal warrior
 10317 | D:10     | Entered Level 10 of the Dungeon
 10427 | D:9      | Found a flagged portal.
 10440 | Bailey   | Entered a bailey
 10938 | Bailey   | Reached XP level 11. HP: 39/86 MP: 17/22
 11159 | Bailey   | Reached skill level 8 in Fighting
 11376 | Bailey   | Reached skill level 9 in Fighting
 11376 | Bailey   | Reached XP level 12. HP: 96/96 MP: 22/24
 11826 | D:9      | Noticed a six-headed hydra
 11845 | D:9      | Killed a six-headed hydra
 11869 | D:9      | You are sucked into a shaft and drop 3 floors!
 11884 | D:12     | Noticed a two-headed ogre
 11956 | D:11     | You are sucked into a shaft and drop 2 floors!
 12259 | D:13     | Noticed a five-headed hydra
 12264 | D:13     | Killed a five-headed hydra
 12291 | D:13     | Reached skill level 10 in Fighting
 12345 | D:13     | Killed from afar by a meliai

Illustrated notes

Levels and vault maps discovered:
D:1:      evilmike_arrival_crescent, layout_basic,
          hellmonk_ecumenical_altar_run_dry, chequers_decorated_corner,
          moated_statue, corner_web_ring
D:2:      minmay_evil_eye, layout_basic, uniq_jessica, uniq_sigmund
D:3:      layout_loops_cross, vehumet_crystals, nicolae_elyvilon_peaceful_grove,
          minmay_starry_boxes
D:4:      layout_gridville, uniq_natasha
D:5:      layout_loops_ring, nicolae_ru_path_of_blood,
          nicolae_qazlal_scattered_showers, grunt_ministairs_2
D:6:      hellmonk_crumbling_castle, layout_rooms,
          gammafunk_temple_overflow_pools, minmay_temple_entry_drinking_statues,
          uniq_eustachio
D:7:      layout_cave_pools, fedhas_altar_fruit_tree, serial_gnoll_camp,
          gnoll_camp_medium_02, gnoll_camp_mini_loothouse,
          gnoll_camp_huts_basic, gnoll_camp_mini_basic, gnoll_camp_mini_hut
D:8:      layout_loops_ring
D:9:      layout_loops_corners, tgw_xom, orc_david_3, serial_aquarium,
          aquarium_bridge_straight [aquarium_subvault_bridge,
          aquarium_subvault_window, aquarium_subvault_bridge,
          aquarium_subvault_balcony], aquarium_bridge_long_separate
          [aquarium_subvault_bridge, aquarium_subvault_bridge,
          aquarium_subvault_balcony, aquarium_subvault_bridge,
          aquarium_subvault_wall, aquarium_subvault_balcony], aquarium_window_2,
          aquarium_window_fake, aquarium_view_4, aquarium_balcony_1a,
          enter_bailey_3, uniq_harold
D:10:     layout_layer_cave, nicolae_uskayaw_murder_on_the_dancefloor
D:11:     layout_cave_pools, david_lair_shrubbed, serial_rivers,
          chequers_serial_rivers_micro_d, chequers_serial_rivers_small_3,
          chequers_serial_rivers_small_3, chequers_serial_rivers_small_3,
          ebering_ghost_xom, gauntlet_entry_generic, minivault_28
D:12:     layout_basic
D:13:     layout_roguey [special_room_bee], david_vaults_4, uniq_azrael,
          uniq_sonja
Temple:   nicolae_temple_figure_eight

Skill      XL: |  1  2  3  4  5  6  7  8  9 10 11 12 |
---------------+-------------------------------------+-----
Armour         | 1 2 3 5 6 7 8 9 |  9.5
Fighting       | 4 5 6 7 9 10 | 10.1
Stealth        | 1 2 3 |  3.8
Spellcasting   | 2 3 5 6 7 8 9 |  9.7
Fire Magic     | 4 5 6 7 8 9 |  9.4
Dodging        | 1 2 4 |  4.4
Polearms       | 4 6 |  6.5
Evocations     | 2 |  2.5
Throwing       | |  0.1

Action                   |  1- 3 |  4- 6 |  7- 9 | 10-12 || total
-------------------------+-------+-------+-------+-------++-------
Melee: Spear             |    38 |    57 |   171 |   178 ||   444
       Punch             |       |     1 |     3 |     2 ||     6
Throw: Throwing net      |       |       |       |     7 ||     7
 Cast: Scorch            |    19 |    39 |   137 |   175 ||   370
       Conjure Flame     |       |       |     1 |     1 ||     2
Invok: Foxfire Swarm     |     1 |     1 |       |     2 ||     4
       Fiery Armour      |       |       |     3 |     3 ||     6
       Rising Flame      |       |       |       |     1 ||     1
 Abil: Dig               |       |       |     1 |     3 ||     4
       Shaft Self        |       |       |       |     2 ||     2
Evoke: Wand              |       |       |    11 |    28 ||    39
  Use: Scroll            |     1 |     7 |    10 |     4 ||    22
       Potion            |       |     1 |     3 |     8 ||    12
 Stab: Sleeping          |       |       |       |     1 ||     1
Armor: Robe              |     5 |       |       |       ||     5
       Leather armour    |       |     6 |       |       ||     6
       Ring mail         |       |       |   110 |    81 ||   191
       Skin              |       |       |    20 |       ||    20
       Chain mail        |       |       |       |   104 ||   104
Dodge: Dodged            |    12 |    27 |   126 |   220 ||   385
